 Dungeon Crawl Stone Soup version 0.27.1-1-g398f81649c (webtiles) character file.

Game seed: 1592919862770612848

2046 DoubleLucky the Fighter (level 9, 0/62 HPs)
             Began as a Gargoyle Berserker on Sept 13, 2021.
             Was a Priest of Trog.
             Slain by a vampire (3 damage)
             ... on level 8 of the Dungeon.
             The game lasted 00:30:02 (8520 turns).

DoubleLucky the Fighter (Gargoyle Berserker)        Turns: 8520, Time: 00:30:02

Health: 0/62       AC: 18    Str: 23    XL:     9   Next: 24%
Magic:  9/9        EV: 10    Int:  9    God:    Trog [***...]
Gold:   297        SH:  0    Dex:  9    Spells: 8/8 levels left

rFire    . . .     SeeInvis .   a - +0 mace
rCold    . . .     Faith    .   (no shield)
rNeg     + . .     Spirit   .   k - +0 scale mail
rPois    ∞         Reflect  .   j - +1 helmet
rElec    +         Harm     .   g - +0 cloak
rCorr    .         Rampage  .   d - +0 pair of gloves
Will     .....                  l - +0 pair of boots
Stlth    ..........             (no amulet)
HPRegen  0.20/turn              (no ring)
MPRegen  0.11/turn              (no ring)

@: on berserk cooldown, slowed, very slow
A: sickness immunity, AC +6, negative energy resistance 1, electricity
resistance, torment resistance 1, petrification resistance
a: Renounce Religion, Berserk, Trog's Hand


You were on level 8 of the Dungeon.
You worshipped Trog.
Trog was most pleased with you.
You visited 2 branches of the dungeon, and saw 9 of its levels.

You collected 297 gold pieces.

Inventory:

Hand Weapons
 a - a +0 mace (weapon)
Missiles
 b - 5 curare-tipped darts
 i - 214 stones
 m - 13 poisoned darts (quivered)
 o - a throwing net
Armour
 d - a +0 pair of gloves (worn)
 g - a +0 cloak (worn)
 j - a +1 helmet (worn)
 k - a +0 scale mail (worn)
 l - a +0 pair of boots (worn)
Scrolls
 f - a scroll of vulnerability {unknown}
 h - a scroll of enchant armour
 p - 2 scrolls of fog
 q - 2 scrolls of magic mapping
 r - a scroll of brand weapon {unknown}
 u - a scroll of noise {unknown}
 w - a scroll of holy word {unknown}
 x - a scroll of immolation {unknown}
Potions
 c - 3 potions of curing
 e - 2 potions of attraction
 n - a potion of invisibility {unknown}
 s - a potion of ambrosia {unknown}
 t - a potion of brilliance {unknown}


   Skills:
 + Level 9.6 Fighting
 + Level 8.9 Maces & Flails
 - Level 2.5 Armour
 - Level 1.9 Dodging


You had 8 spell levels left.
You didn't know any spells.
Your spell library was empty.

Dungeon Overview and Level Annotations

Branches:
Dungeon (8/15)             Temple (1/1) D:5
   Lair: D:8-11

Altars:
Ashenzari
Elyvilon
Fedhas
Gozag
Kikubaaqudgha
Makhleb
Nemelex Xobeh
Okawaru
Qazlal
Ru
Sif Muna
Trog
Uskayaw
Vehumet
Wu Jian
Xom
Yredelemnul
Zin

Shops:
D:3 *   D:7 [

Annotations:
D:6 5 exclusions


Innate Abilities, Weirdness & Mutations

You are immune to sickness and miasma.
Your stone body is resilient. (AC +6)
You are immune to poison.
You resist negative energy. (rN+)
You are resistant to electric shocks. (rElec)
You are resistant to unholy torment.
You are immune to petrification.


Message History

You feel much better. The vampire hits you. The vampire barely misses you.
You hit the vampire but do no damage. The vampire completely misses you. x2
The vampire hits you but does no damage.
The vampire bites you but does no damage.
You hit the vampire but do no damage.
You are no longer corroded.
The vampire gestures wildly while chanting.
The vampire flickers and vanishes!
Deactivating autopickup; reactivate with Ctrl-A.
You hit something but do no damage. Something hits you but does no damage.
Something bites you. Something hits you but does no damage.
Something bites you but does no damage.
You hit something but do no damage.
You hear some strange, mumbled words.
You are confused.
You completely miss something. Something hits you but does no damage.
Something bites you but does no damage.
You hit something but do no damage. Something hits you. Something bites you.
You bump into the stone wall.
Something hits you but does no damage. Something bites you but does no damage.
Something hits you but does no damage. Something bites you but does no damage.
You bump into the stone wall.
Something hits you but does no damage. Something bites you.
You feel better. Something hits you but does no damage. Something bites you!
Something hits you!
* * * LOW HITPOINT WARNING * * *
Something bites you but does no damage.
You barely miss something. Something hits you.
* * * LOW HITPOINT WARNING * * *
Something bites you but does no damage.
You closely miss something. Something hits you but does no damage.
Something bites you but does no damage. Something hits you but does no damage.
Something completely misses you.
You closely miss something. Something hits you.
* * * LOW HITPOINT WARNING * * *
Something bites you but does no damage.
You closely miss something. Something hits you.
* * * LOW HITPOINT WARNING * * *
Something bites you.
You die...

.. .
.
..♣J
.....
...##
#..##
#.)@#
##{<#
####


There were no monsters in sight!

Vanquished Creatures
  The ghost of imbaldmole the Sneak, an amateur OpBr of Fedhas (D:5)
  An ice beast (D:7)
  The ghost of beardedkeet the Cutter, an amateur GnWn (D:3)
  A necrophage (D:2)
  An ogre (D:5)
  A black bear (D:5)
  A centaur (D:4)
  A phantom (D:6)
  A kobold brigand (D:4)
  A bullfrog (D:6)
  2 scorpions (D:6)
  A water moccasin skeleton (D:4)
  4 wights
  2 bullfrog zombies (D:5)
  A howler monkey (D:5)
  The ghost of Descartes the Covert, a weakling FeDe (D:4)
  4 hounds
  2 jellies
  2 bullfrog skeletons
  A gnoll shaman (D:4)
  3 orc priests
  Terence (D:2)
  A centaur skeleton (D:5)
  2 iguanas (D:4)
  An orc wizard (D:5)
  Robin (D:2)
  6 gnolls
  6 adders
  A shadow imp (D:6)
  A white imp (D:6)
  2 ufetubi
  An adder zombie (D:5)
  3 worms
  A dart slug (D:1)
  The ghost of Descartes the Sneak, a weakling FeDe (D:5)
  13 orcs
  5 endoplasms
  8 giant cockroaches
  15 goblins
  8 hobgoblins
  5 quokkas
  2 ball pythons
  7 bats
  2 frilled lizards
  13 kobolds
  7 rats
146 creatures vanquished.

Vanquished Creatures (others)
  A human (D:6)
  6 plants (D:2)
7 creatures vanquished.

Grand Total: 153 creatures vanquished

Notes
Turn   | Place    | Note
-------+----------+-------------------------------------------
     0 | D:1      | DoubleLucky the Gargoyle Berserker began the quest for the
                  | Orb.
     0 | D:1      | Reached XP level 1. HP: 14/14 MP: 1/1
   144 | D:1      | Reached XP level 2. HP: 17/19 MP: 2/2
  1077 | D:2      | Reached XP level 3. HP: 17/24 MP: 3/3
  1277 | D:2      | Reached skill level 4 in Fighting
  1422 | D:2      | Reached XP level 4. HP: 29/29 MP: 4/4
  1429 | D:2      | Noticed Terence
  1447 | D:2      | Noticed Robin
  1449 | D:2      | Reached ** piety under Trog
  1523 | D:2      | Killed Terence
  1539 | D:2      | Killed Robin
  1727 | D:2      | Reached XP level 5. HP: 34/34 MP: 5/5
  2379 | D:3      | Noticed a necrophage
  2379 | D:3      | Found a runed translucent gate.
  2379 | D:3      | Found a runed translucent gate.
  2379 | D:3      | Found a runed translucent gate.
  2392 | D:2      | Killed a necrophage
  2393 | D:2      | Reached skill level 5 in Fighting
  2459 | D:3      | Found Ruri's General Store.
  2494 | D:3      | Reached XP level 6. HP: 36/40 MP: 6/6
  2654 | D:3      | Reached skill level 5 in Maces & Flails
  2929 | D:3      | Found a stormy altar of Qazlal.
  2931 | D:3      | Found a broken altar of Ashenzari.
  2932 | D:3      | Found a burning altar of Makhleb.
  2933 | D:3      | Found a shimmering altar of Xom.
  2934 | D:3      | Found a bloodstained altar of Trog.
  3170 | D:3      | Noticed beardedkeet's ghost (amateur GnWn)
  3186 | D:3      | Killed beardedkeet's ghost
  3187 | D:3      | Reached skill level 6 in Fighting
  3389 | D:4      | Reached XP level 7. HP: 23/46 MP: 7/7
  4295 | D:4      | Found a runed translucent gate.
  4295 | D:4      | Found a runed translucent gate.
  4295 | D:4      | Found a runed translucent gate.
  4296 | D:4      | Noticed Descartes's ghost (weakling FeDe)
  4529 | D:4      | Reached skill level 7 in Fighting
  4870 | D:4      | Killed Descartes's ghost
  5158 | D:4      | Reached XP level 8. HP: 48/53 MP: 8/8
  5242 | D:5      | Entered Level 5 of the Dungeon
  5328 | D:5      | Found a staircase to the Ecumenical Temple.
  5358 | Temple   | Entered the Ecumenical Temple
  5806 | D:5      | Found a hide-covered altar of Uskayaw.
  5813 | D:5      | Reached skill level 8 in Fighting
  6116 | D:5      | Found a sacrificial altar of Ru.
  6140 | D:5      | Reached *** piety under Trog
  6194 | D:5      | You fall into a shaft and drop 3 floors!
  6203 | D:8      | Noticed a two-headed ogre
  6204 | D:8      | Noticed a cyclops
  6235 | D:7      | Found Avatzer's Armour Shoppe.
  6555 | D:5      | Found a runed translucent gate.
  6556 | D:5      | Found a runed translucent gate.
  6557 | D:5      | Found a runed translucent gate.
  6558 | D:5      | Noticed imbaldmole's ghost (amateur OpBr)
  6559 | D:5      | Noticed Descartes's ghost (weakling FeDe)
  6579 | D:5      | Killed imbaldmole's ghost
  6584 | D:5      | Killed Descartes's ghost
  7026 | D:6      | Found a radiant altar of Vehumet.
  7044 | D:6      | Reached skill level 9 in Fighting
  7118 | D:6      | Reached XP level 9. HP: 60/60 MP: 9/9
  7767 | D:6      | Found an ancient bone altar of Kikubaaqudgha.
  8520 | D:8      | HP: 3/62 [something (3)]
  8520 | D:8      | Slain by a vampire

Illustrated notes

Levels and vault maps discovered:
D:1:      lemuel_arrival_behind_the_door_small, layout_basic
D:2:      cheibrodos_old_hovel, layout_basic, minmay_misc_feat_tiny,
          uniq_terence, uniq_robin
D:3:      layout_basic, minitemple, serial_shops, shop,
          ebering_ghost_rock_garden
D:4:      layout_basic, gammafunk_ghost_nasty_kobolds
D:5:      layout_loops_ring, mainiacjoe_overflow_surrounded_room,
          nicolae_ru_great_annihilating_truth, temple_fountains,
          gammafunk_ghost_cemetery
D:6:      layout_basic, tgw_kikubaaqudgha, nicolae_vehumet_radiance,
          centaur_isle
D:7:      layout_gridville, serial_shops, shop
D:8:      gammafunk_beogh_shrine, layout_basic,
          nicolae_hepliaklqana_ecumenical_no_more, serial_shops, shop,
          minmay_misc_feat_secret_circle, grunt_ministairs_6, dk_noncrumbling_2
Temple:   compressed_dpeg_triangle_lava_temple

Skill      XL: |  1  2  3  4  5  6  7  8 |
---------------+-------------------------+-----
Fighting       | 4 5 6 7 9 |  9.6
Maces & Flails | 4 5 6 8 |  8.9
Armour         | |  2.5
Dodging        | |  1.9

Action                   |  1- 3 |  4- 6 |  7- 9 || total
-------------------------+-------+-------+-------++-------
Melee: Mace              |   102 |   152 |   425 ||   679
Throw: Stone             |       |     1 |    15 ||    16
       Dart              |       |       |    11 ||    11
Invok: Berserk           |     4 |     5 |    12 ||    21
       Trog's Hand       |       |     1 |     5 ||     6
  Use: Scroll            |     2 |       |     6 ||     8
       Potion            |       |       |     5 ||     5
 Stab: Invisible         |       |       |     1 ||     1
Armor: Animal skin       |    48 |       |       ||    48
       Leather armour    |     3 |    40 |       ||    43
       Scale mail        |       |    31 |   323 ||   354
Dodge: Dodged            |    86 |    89 |   264 ||   439
